 Dungeon Crawl Stone Soup version 0.27.1-2-g3b301248ec (webtiles) character file.

Game seed: 13459515206798723541

739 Descartes the Sneak (level 7, -11/36 HPs)
             Began as a Spriggan Wanderer on Sept 27, 2021.
             Was an Initiate of Gozag.
             Shot with an arrow by a centaur (14 damage)
             ... on level 5 of the Dungeon.
             The game lasted 00:08:45 (4416 turns).

Descartes the Sneak (Spriggan Wanderer)             Turns: 4416, Time: 00:08:45

Health: -11/36     AC:  3    Str:  9    XL:     7   Next: 46%
Magic:  8/8        EV: 21    Int: 14    God:    Gozag
Gold:   427        SH:  0    Dex: 15    Spells: 2/6 levels left

rFire    . . .     SeeInvis +   a - +2 shortbow
rCold    . . .     Faith    .   (shield currently unavailable)
rNeg     . . .     Spirit   .   f - +0 robe
rPois    .         Reflect  .   x - +1 hat
rElec    .         Harm     .   (no cloak)
rCorr    .         Rampage  .   (gloves unavailable)
Will     +....                  (boots unavailable)
Stlth    ++++......             (no amulet)
HPRegen  0.12/turn              (no ring)
MPRegen  0.11/turn              (no ring)

@: gold aura, very quick
A: very small, no large weapons, unfitting armour, see invisible, speed 3
a: Renounce Religion, Potion Petition, Call Merchant, Bribe Branch


You were on level 5 of the Dungeon.
You worshipped Gozag.
Gozag was aware of your devotion.
You visited 2 branches of the dungeon, and saw 6 of its levels.

You collected 465 gold pieces.
You paid 38 gold pieces to Gozag.

Inventory:

Hand Weapons
 a - a +2 shortbow (weapon)
 c - a +0 hand crossbow
 g - a +0 dagger
 l - a +0 hunting sling
Missiles
 b - 20 arrows (quivered ammo)
 d - 90 bolts
 o - 129 stones
Armour
 f - a +0 robe (worn)
 x - a +1 hat (worn)
Jewellery
 p - a ring of flight
Wands
 n - a wand of iceblast (6)
 w - a wand of polymorph (7)
Scrolls
 h - a scroll of immolation {unknown}
 j - 5 scrolls of identify {unknown}
 k - 3 scrolls of vulnerability {unknown}
 m - 2 scrolls of fog {unknown}
 r - a scroll of fear {unknown}
 t - a scroll of holy word {unknown}
 u - 2 scrolls of amnesia {unknown}
 v - 2 scrolls of teleportation {unknown}
Potions
 e - 2 potions of curing
 i - a potion of heal wounds {unknown}
 q - a potion of brilliance {unknown}
 s - a potion of might {unknown}
 z - 2 potions of attraction {unknown}
 A - a potion of cancellation {unknown}


   Skills:
 - Level 3.0 Fighting
 + Level 5.0 Bows
 + Level 7.6 Dodging
 + Level 7.7 Stealth
 - Level 1.0 Shields
 + Level 1.3 Evocations


You had 2 spell levels left.
You knew the following spells:

 Your Spells              Type           Power      Damage    Failure   Level
a - Dispel Undead         Necr           0%         3d6       96%         4

Your spell library contained the following spells:

 Spells                   Type           Power      Damage    Failure   Level
 Static Discharge         Conj/Air       0%         N/A       41%         2
 Sticky Flame             Conj/Fire      0%         2d3       96%         4


Dungeon Overview and Level Annotations

Branches:
Dungeon (5/15)             Temple (1/1) D:4

Altars:
Cheibriados
Gozag
Kikubaaqudgha
Makhleb
Okawaru
Qazlal
Ru
Sif Muna
Trog
Wu Jian
Yredelemnul
Zin
The Shining One


Innate Abilities, Weirdness & Mutations

You are very small and have problems with some larger weapons.
You are too small for most types of armour.
You have supernaturally acute eyesight. (SInv)
You cover ground extremely quickly. (Speed+++)


Message History

The centaur shoots an arrow.
The arrow hits you!
You shoot an arrow. The arrow closely misses the centaur.
A hound comes into view.
You shoot an arrow. The arrow hits the centaur.
The centaur is lightly wounded.
The centaur shoots an arrow.
The arrow completely misses you.
The centaur shoots an arrow.
The arrow hits you!
A centaur skeleton comes into view.
You shoot an arrow. The arrow hits the hound.
The hound is moderately wounded.
You shoot an arrow. The arrow hits the hound!
The hound is severely wounded.
The hound misses you.
You shoot an arrow. The arrow hits the hound!
You kill the hound!
The centaur shoots an arrow.
The arrow barely misses you.
The centaur is distracted by your dazzling golden aura.
You shoot an arrow. The centaur shouts!
The arrow hits the centaur.
The centaur is no longer distracted by gold.
The centaur is moderately wounded.
The centaur shoots an arrow.
The arrow completely misses you.
You shoot an arrow. The arrow hits the centaur.
The centaur is heavily wounded.
The centaur shoots an arrow.
The arrow misses you.
The centaur shoots an arrow.
The arrow hits you!
You are too injured to fight recklessly!
You are too injured to fight recklessly!
You are too injured to fight recklessly!
You are too injured to fight recklessly!
You are too injured to fight recklessly!
You are too injured to fight recklessly!
You are too injured to fight recklessly!
The centaur shoots an arrow.
The arrow completely misses you.
The centaur shoots an arrow.
The arrow hits you!
* * * LOW HITPOINT WARNING * * *
The centaur shoots an arrow.
The arrow hits you!
You die...
Your body crumbles into a pile of gold.

#..##.###.###
######...#.###.#
..##....(..##.###
#####.###.(((........
#.....c(Z..#...##....
#.###.####.#########.
#.# #.# #.# #.
#.###.###.# #.
#.......@.# ##
#########.##### #
#.........# $ ##.
#.#####...#### ##..
#.......+ ....
###......# ##..
#........# ##.
#.##.##### # #.##.#


You could see a centaur.

Vanquished Creatures
  Sigmund (D:4)
  2 ogres
  A bullfrog (D:4)
  2 scorpions (D:4)
  A hound (D:5)
  Terence (D:3)
  An iguana (D:4)
  3 gnolls (D:4)
  3 adders
  An adder skeleton (D:4)
  A worm (D:3)
  4 dart slugs
  5 endoplasms
  4 giant cockroaches
  8 goblins
  7 hobgoblins
  7 jackals
  5 kobolds
  3 quokkas
  10 ball pythons
  7 bats
  3 frilled lizards
  2 rats
82 creatures vanquished.

Vanquished Creatures (others)
  10 plants (D:3)
10 creatures vanquished.

Grand Total: 92 creatures vanquished

Notes
Turn   | Place    | Note
-------+----------+-------------------------------------------
     0 | D:1      | Descartes the Spriggan Wanderer began the quest for the
                  | Orb.
     0 | D:1      | Descartes set off with the following items: a +2 shortbow,
                  | 23 arrows, a +0 hand crossbow, 29 bolts, a potion of
                  | curing, a +0 robe
     0 | D:1      | Reached XP level 1. HP: 11/11 MP: 2/2
   174 | D:1      | Reached XP level 2. HP: 16/16 MP: 3/3
  1093 | D:2      | Reached XP level 3. HP: 14/19 MP: 4/4
  1233 | D:2      | You fall into a shaft and drop 2 floors!
  1299 | D:4      | Noticed a scorpion
  1321 | D:4      | Killed a scorpion
  1322 | D:4      | Reached skill level 5 in Dodging
  1322 | D:4      | Reached XP level 4. HP: 24/24 MP: 5/5
  1472 | D:4      | Found a staircase to the Ecumenical Temple.
  1482 | Temple   | Entered the Ecumenical Temple
  1698 | Temple   | Became a worshipper of Gozag Ym Sagoz the Greedy
  1754 | D:4      | Noticed Sigmund
  1777 | D:4      | Killed Sigmund
  1778 | D:4      | Reached skill level 5 in Stealth
  1778 | D:4      | Reached XP level 5. HP: 28/28 MP: 6/6
  1778 | D:4      | Reached XP level 6. HP: 32/32 MP: 7/7
  1852 | D:4      | Reached skill level 5 in Bows
  2012 | D:4      | Found a shimmering blue altar of Sif Muna.
  2299 | D:4      | Reached XP level 7. HP: 29/36 MP: 8/8
  3298 | D:3      | Noticed Terence
  3315 | D:3      | Killed Terence
  3620 | D:2      | Reached skill level 1 in Evocations
  3648 | D:2      | Learned a level 4 spell: Dispel Undead
  3669 | D:2      | Found a faded altar of an unknown god.
  3706 | D:2      | Found a snail-covered altar of Cheibriados.
  4275 | D:5      | Entered Level 5 of the Dungeon
  4416 | D:5      | Shot with an arrow by a centaur

Illustrated notes

Levels and vault maps discovered:
D:1:      giann_horns, layout_basic
D:2:      layout_rooms, ebering_ecumenical_altar_box, basic_altar
D:3:      layout_basic, kennysheep_boxes, uniq_terence
D:4:      layout_cave_pods, kennysheep_little_box,
          minmay_temple_entry_antechambers, uniq_sigmund
D:5:      layout_loops_corners
Temple:   minmay_temple_curvy_loop

Skill      XL: |  1  2  3  4  5  6  7 |
---------------+----------------------+-----
Stealth        | 2 3 5 6 7 |  7.7
Bows           | 3 4 5 |  5.0
Fighting       | 3 |  3.0
Dodging        | 5 7 |  7.6
Evocations     | 1 |  1.3
Shields        | |  1.0

Action                   |  1- 3 |  4- 6 |  7- 9 || total
-------------------------+-------+-------+-------++-------
 Fire: Shortbow          |    88 |    65 |   100 ||   253
Evoke: Wand              |       |     2 |       ||     2
Armor: Robe              |     2 |       |     1 ||     3
Dodge: Dodged            |    19 |    11 |    18 ||    48
